 Dungeon Crawl Stone Soup version 0.31-a0-851-g7ff8af7976 (webtiles) character file.

Game seed: 3273480889451422181

1154 lunkers the Grappler (level 8, -10/50 HPs)
             Began as a Meteoran Shapeshifter on Oct 5, 2023.
             Was an Initiate of Gozag.
             Mangled by a cyclops (24 damage)
             ... on level 6 of the Dungeon.
             The game lasted 00:06:41 (2188 turns).

lunkers the Grappler (Meteoran Shapeshifter)        Turns: 2188, Time: 00:06:42

Health: -10/50     AC:  7    Str: 21    XL:     8   Next: 98%
Magic:  9/9        EV: 10    Int: 12    God:    Gozag
Gold:   442        SH:  0    Dex: 21    Spells: 7/7 levels left

rFire   . .          .
                       - Unarmed
rCold   . . .        (shield currently unavailable)
rNeg    . . .        l - melded +1 scale mail
rPois   .            (helmet currently unavailable)
rElec   .            (cloak currently unavailable)
rCorr   .            (gloves currently unavailable)
SInv    .            (boots currently unavailable)
Will    ++...        (no amulet)
Stlth   +            f - +6 ring of dexterity
HPRegen 0.28/turn    g - ring of willpower
MPRegen 0.11/turn

%: no passive effects
@: snake-form, glowing
A: constrict, reduced hp, large, sense surroundings 1, otherworldly, glowing,
explore regen
a: Begin Untransformation, Renounce Religion, Potion Petition, Call Merchant,
Bribe Branch


You were on level 6 of the Dungeon.
You worshipped Gozag.
Gozag was aware of your devotion.
You were an enormous anaconda.
You visited 1 branch of the dungeon, and saw 6 of its levels.

You collected 501 gold pieces.
You paid 59 gold pieces to Gozag.

Inventory:

Armour
 l - a +1 scale mail (melded)
Jewellery
 f - a +6 ring of dexterity (left hand)
 g - a ring of willpower (right hand)
 n - a ring of ice
 r - a ring of fire
Talismans
 c - a beast talisman
 d - a flux talisman
 k - a maw talisman
 m - a serpent talisman (active)
Scrolls
 e - 2 scrolls of amnesia
 h - 2 scrolls of teleportation
 j - 3 scrolls of revelation
Potions
 a - a potion of invisibility
 b - a potion of lignification
 i - 2 potions of curing
 o - a potion of cancellation {unknown}
 p - a potion of attraction {unknown}
 q - 2 potions of degeneration {unknown}
 u - 2 potions of enlightenment {unknown}


   Skills:
 - Level 1.1 Fighting
 - Level 2.1 Dodging
 * Level 10.1 Unarmed Combat
 + Level 7.1 Shapeshifting


You had 7 spell levels left.
You didn't know any spells.
Your spell library contained the following spells:

 Spells                   Type           Power      Damage    Failure   Level
 Sublimation of Blood     Necr           0%         N/A       45%         2
 Wereblood                Tmut           0%         N/A       45%         2
 Summon Hydra             Summ           0%         N/A       100%        7


Dungeon Overview and Level Annotations

Branches:
Dungeon (6/15) Zot: 1432   Temple (0/1) D:5

Altars:
Gozag
Sif Muna
Xom
The Shining One

Shops:
D:2 =[*

Portals:
Abyss: D:3

Annotations:
D:3 2 transporters, croobank's ghost, amateur OpDe


Innate Abilities, Weirdness & Mutations

You are an enormous anaconda.
You have a powerful constriction melee attack.
Your maximum health is decreased, since you lack skill for your form.
Your armour is entirely melded.
You are incapable of wielding weapons or throwing items.
You passively map a small area around you.
You are easily found by Zot.
You glow in the dark.
You regain HP and MP as you explore.


Message History

The hound barks!
A hound is nearby!
A hound is nearby!
Found a leather armour.
There is an open door here.
The hound bites you but does no damage.
You hit the hound. You grab the hound.
The hound is moderately wounded.
You constrict the hound. The hound barely misses you.
You body-slam the hound!!
You kill the hound!
No target in view!
No target in view!
No target in view!
No target in view!
No target in view!
No target in view!
No target in view!
No target in view!
You now have 442 gold pieces (gained 3).
Things that are here:
a +0 hand axe; a +2 ring mail of fire resistance A cyclops is nearby!
A cyclops is nearby!
The cyclops throws a large rock.
The large rock hits you!!
Ouch! That really hurt!
* * * LOW HITPOINT WARNING * * *
Unknown command.
You hit the cyclops.
The cyclops is lightly wounded.
The cyclops hits you!
* * * LOW HITPOINT WARNING * * *
You hit the cyclops.
The cyclops is lightly wounded.
Unknown command.
You lash the cyclops!
The cyclops is moderately wounded.
The cyclops hits you!!
You die...
Your body crumbles into a pile of gold.

#.# *** ,* P #.##* ** * *#C
#... , , #.. ###..# * *
#.!. #<#..##############..#
#.#..#....##........#*
#.#..#....##........###
###.#..#....##.....^^....
#..)....SC..'.....^_^....
##.#.#..#....##.....^^....
#..#.#..#....##...........
##.##.#..#....##...........
#..##.#..#....##...........
#>.##.#..#######...........
#..##.#..# ########....
#.....#..######### ,
#.##..#..........#


You could see a cyclops.

Vanquished Creatures
  A steam dragon (D:6)
  A water moccasin (D:5)
  A black bear (D:5)
  An ice beast (D:5)
  An ogre (D:5)
  2 phantoms
  Blork the orc (D:4)
  2 scorpions
  An electric eel (D:6)
  2 hounds (D:6)
  An orc priest (D:5)
  2 sleepcaps (D:5)
  An iguana (D:5)
  2 adders
  2 white imps
  2 ufetubi
  A worm (D:3)
  A dart slug (D:3)
  6 orcs
  4 ball pythons
  5 endoplasms
  A giant cockroach (D:3)
  5 goblins
  11 hobgoblins
  4 kobolds
  4 quokkas
  5 bats
  3 frilled lizards
  4 rats
77 creatures vanquished.

Notes
Turn   | Place    | Note
-------+----------+-------------------------------------------
     0 | D:1      | lunkers the Meteoran Shapeshifter began the quest for the
                  | Orb.
     0 | D:1      | Reached XP level 1. HP: 16/16 MP: 2/2
    61 | D:1      | Reached XP level 2. HP: 15/23 MP: 3/3
    62 | D:1      | Reached skill level 4 in Unarmed Combat
    91 | D:1      | You fall into a shaft and drop 1 floor!
   175 | D:2      | Found Rietuz's Armour Shop.
   225 | D:2      | Found Mymm's Jewellery Shop.
   343 | D:1      | Reached XP level 3. HP: 22/28 MP: 4/4
   648 | D:2      | Found Zeikatur's General Store.
   953 | D:3      | Found a transporter.
   961 | D:3      | Reached XP level 4. HP: 35/35 MP: 5/5
  1042 | D:3      | Found a transporter.
  1042 | D:3      | Found a one-way gate to the infinite horrors of the Abyss.
  1042 | D:3      | Noticed croobank's ghost (amateur OpDe)
  1049 | D:3      | Noticed a small abomination
  1071 | D:3      | Reached skill level 5 in Unarmed Combat
  1214 | D:4      | Noticed Blork the orc
  1224 | D:4      | Killed Blork the orc
  1225 | D:4      | Reached XP level 5. HP: 14/40 MP: 6/6
  1231 | D:4      | Found an opulent altar of Gozag.
  1262 | D:4      | Became a worshipper of Gozag Ym Sagoz the Greedy
  1367 | D:4      | Reached skill level 6 in Unarmed Combat
  1381 | D:4      | Found a glowing golden altar of the Shining One.
  1469 | D:4      | Reached skill level 5 in Shapeshifting
  1469 | D:4      | Reached XP level 6. HP: 28/47 MP: 7/7
  1520 | D:5      | Entered Level 5 of the Dungeon
  1523 | D:5      | Found a staircase to the Ecumenical Temple.
  1714 | D:5      | Noticed an ice beast
  1720 | D:5      | Killed an ice beast
  1721 | D:5      | Reached skill level 7 in Unarmed Combat
  1721 | D:5      | Reached XP level 7. HP: 34/52 MP: 8/8
  1806 | D:5      | Reached skill level 8 in Unarmed Combat
  1866 | D:5      | Reached XP level 8. HP: 43/59 MP: 9/9
  1901 | D:5      | Reached skill level 9 in Unarmed Combat
  1963 | D:6      | Found a shimmering altar of Xom.
  1971 | D:6      | Noticed a cyclops
  2036 | D:6      | Noticed a steam dragon
  2043 | D:6      | Killed a steam dragon
  2044 | D:6      | Reached skill level 10 in Unarmed Combat
  2112 | D:6      | Found a shimmering blue altar of Sif Muna.
  2188 | D:6      | Mangled by a cyclops

Illustrated notes

Levels and vault maps discovered:
D:1:      shiori_arrival_maze, layout_basic, ebering_ecumenical_altar_abandoned,
          chequers_serial_rivers_room_b
D:2:      layout_loops_corners, serial_shops, nicolae_shop_window_shopping,
          nicolae_shop_gaudy_bauble, nicolae_shop_advertising_works
          [nicolae_subvault_shop_adworks], nicolae_shop_trees, shop,
          hangedman_decor_growths
D:3:      layout_loops_ring, gammafunk_ghost_abyssal_escape
D:4:      layout_basic, nicolae_tso_carved_into_rock,
          nicolae_overflow_crystal_walls, uniq_blork_the_orc
D:5:      layout_basic, minmay_temple_entry_hall
D:6:      layout_basic, xom_teletrap_fun, amcnicky_altar_gilded,
          dancing_weapons_uskayaw, lemuel_zombie_altar_kikubaaqudgha,
          serial_bayou, serial_bayou_shore_b, serial_bayou_pond_a,
          serial_bayou_ford_a, serial_bayou_pond_b

Skill      XL: |  1  2  3  4  5  6  7  8 |
---------------+-------------------------+-----
Unarmed Combat | 4 5 6 7 8 10 | 10.1
Shapeshifting  | 4 5 6 7 |  7.1
Fighting       | |  1.1
Dodging        | |  2.1

Action                     |  1- 3 |  4- 6 |  7- 9 || total
---------------------------+-------+-------+-------++-------
  Melee: Unarmed           |    84 |    72 |    49 ||   205
         Punch             |     4 |     1 |       ||     5
         Constrict         |       |     5 |    12 ||    17
    Use: Scroll            |     7 |     2 |     4 ||    13
   Stab: Sleeping          |       |       |     1 ||     1
         Distracted        |       |       |     1 ||     1
 Armour: Animal skin       |    18 |       |       ||    18
         Scale mail        |    23 |    35 |       ||    58
         Skin              |       |    11 |    27 ||    38
  Dodge: Dodged            |    43 |    25 |    12 ||    80
   Form: Anaconda          |       |     1 |       ||     1

Table legend: (Time is in decaauts)
 A = Elapsed time spent in this place.
 B = Non-inter-level travel time spent in this place.
 C = Inter-level travel time spent in this place.
 D = Time resting spent in this place.
 E = Time spent auto-exploring this place.
 F = Levels seen in this place.
 G = Mean time per level.
                   A        B        C        D        E       F      G
               +--------+--------+--------+--------+--------+-----+--------+
         Total |   2166 |   2159 |      7 |      0 |   1195 |   6 |  361.0 |
       Dungeon |   2166 |   2159 |      7 |      0 |   1195 |   6 |  361.0 |
               +--------+--------+--------+--------+--------+-----+--------+

Top non-repeatable levels by time:
     D:3: 436 daAuts
     D:5: 421 daAuts
     D:2: 411 daAuts
     D:4: 334 daAuts
     D:1: 326 daAuts
     D:6: 236 daAuts
